AoeStats
← Roelofzen

Arena

509420066Analyzed
4v4 RM · 7d ago on Sep 26, 2026· 84m 36s· 8 players
Game mode
Random Map
Map size
Large (8 player)
Population
200
Speed
Normal
Resources
Standard
Victory
Conquest
Starting age
Dark Age
Ending age
Imperial Age
RankedLock teamsTeams togetherTeam positionsShared explorationLock speedFull tech treeHidden civsTurbo modeCheats
Victory
Defeat
🇳🇱 Britons · Netherlands
1056
+14
🇨🇦 Italians · Canada
1043
+15
🇨🇳 Khmer · China
1036
+15
🇺🇸 Vikings · United States
1018
+16
🇩🇪 Varangians · Germany
1071
-17
🇩🇪 Goths · Germany
1028
-15
🇩🇪 Saxons · Germany
988
-14
🇮🇩 Huns · Indonesia
983
-14
king vitt
0:29 Loom
14:32 Feudal Age
14:53 Horse Collar
15:51 Wheelbarrow
15:13 Double-Bit Axe
22:02 Castle Age
23:09 Hand Cart
22:58 Heavy Plow
23:11 Bow Saw
23:51 Gold Mining
23:56 Stone Mining
25:37 Gold Shaft Mining
33:08 Imperial Age
31:22 Fortified Wall
33:32 Ballistics
33:24 Masonry
33:12 Elite Ballista Elephant
34:00 Heavy Scorpion
35:45 Chemistry
34:51 Siege Engineers
34:51 Husbandry
35:01 Bloodlines
35:26 Conscription
35:24 Scale Barding Armor
35:30 Forging
36:02 Double Crossbow
36:52 Stone Shaft Mining
36:51 Crop Rotation
37:38 Hoardings
37:13 Light Cavalry
38:16 Chain Barding Armor
38:33 Iron Casting
38:20 Murder Holes
38:58 Architecture
39:29 Hussar
40:47 Plate Barding Armor
41:13 Blast Furnace
41:42 Town Watch
68:27 Caravan
74:29 Town Patrol
Roelofzen
11:25 Feudal Age
15:39 Castle Age
14:12 Town Watch
15:44 Scale Mail Armor
15:54 Forging
19:17 Double-Bit Axe
19:19 Horse Collar
19:23 Man-at-Arms
20:05 Gold Mining
20:52 Forging
21:47 Gold Shaft Mining
23:15 Wheelbarrow
23:13 Fletching
23:51 Long Swordsman
26:16 Scale Barding Armor
26:28 Chain Mail Armor
26:49 Iron Casting
26:24 Gambesons
27:45 Hand Cart
45:26 Crossbowman
47:06 Pikeman
49:09 Bow Saw
49:14 Padded Archer Armor
54:07 Bodkin Arrow
55:22 Stone Mining
56:26 Leather Archer Armor
65:04 Imperial Age
63:05 Squires
65:06 Halberdier
66:54 Blast Furnace
66:24 Plate Mail Armor
66:24 Conscription
67:17 Heavy Plow
68:19 Two-Man Saw
68:42 Elite Skirmisher
69:25 Bracer
69:56 Ring Archer Armor
70:04 Ballistics
77:19 Caravan
81:51 Arbalester
82:58 Yeomen
...
10:34 Feudal Age
8:49 Loom
11:25 Double-Bit Axe
12:22 Horse Collar
14:09 Gold Mining
17:41 Castle Age
16:11 Gold Mining
17:43 Stone Mining
17:38 Man-at-Arms
19:00 Squires
19:10 Heavy Plow
18:40 Long Swordsman
21:13 Arson
23:24 Gold Shaft Mining
24:39 Scale Mail Armor
27:39 Chain Mail Armor
27:35 Forging
31:04 Bow Saw
31:00 Treadmill Crane
34:01 Imperial Age
31:34 Chieftains
38:14 Plate Mail Armor
37:25 Two-Handed Swordsman
39:35 Iron Casting
39:38 Conscription
38:52 Champion
42:48 Blast Furnace
43:26 Elite Berserk
48:18 Crop Rotation
49:52 Two-Man Saw
60:10 Elite Varangian Guard
73:23 Caravan
vince.dion123
10:30 Feudal Age
12:22 Double-Bit Axe
14:58 Castle Age
12:56 Horse Collar
21:26 Wheelbarrow
20:39 Town Watch
22:29 Stone Mining
27:15 Imperial Age
24:51 Fletching
25:44 Thumb Ring
28:01 Bodkin Arrow
31:43 Bow Saw
31:55 Squires
32:24 Ballistics
33:05 Chemistry
32:14 Gold Mining
34:36 Padded Archer Armor
36:43 Bracer
37:21 Conscription
37:36 Arson
38:12 Heavy Plow
38:50 Leather Archer Armor
38:49 Elite Genoese Crossbowman
39:58 Loom
40:30 Hand Cart
40:16 Town Patrol
41:07 Ring Archer Armor
41:58 Two-Man Saw
42:26 Murder Holes
43:09 Forging
43:04 Scale Barding Armor
43:45 Husbandry
43:55 Bloodlines
44:51 Light Cavalry
46:25 Iron Casting
62:51 Fortified Wall
67:26 Hussar
69:21 Blast Furnace
69:11 Caravan
80:16 Crop Rotation
81:19 Chain Barding Armor
84:35 Plate Barding Armor
ddmgsxis89228
1:04 Loom
10:17 Feudal Age
20:06 Castle Age
18:16 Double-Bit Axe
18:13 Horse Collar
19:14 Stone Mining
20:10 Gold Mining
22:02 Heavy Plow
23:15 Bloodlines
24:30 Gold Shaft Mining
24:55 Scale Barding Armor
25:17 Forging
25:12 Marauders
27:55 Husbandry
28:59 Iron Casting
33:05 Imperial Age
36:03 Blast Furnace
38:48 Wheelbarrow
37:58 Town Watch
39:16 Elite Tarkan
41:28 Conscription
41:31 Chain Barding Armor
46:51 Plate Barding Armor
53:59 Cavalier
59:02 Paladin
62:29 Hand Cart
harborsinger
1:25 Loom
11:12 Feudal Age
11:50 Horse Collar
17:53 Castle Age
16:43 Forging
17:55 Scale Mail Armor
17:50 Double-Bit Axe
20:50 Squires
21:43 Iron Casting
21:48 Arson
27:42 Fletching
34:42 Chain Mail Armor
43:05 Imperial Age
40:40 Bodkin Arrow
43:12 Onager
44:33 Bloodlines
43:44 Light Cavalry
64:25 Husbandry
63:50 Hussar
65:42 Scale Barding Armor
67:18 Husbandry
70:22 Conscription
71:32 Heavy Plow
Besen
11:47 Feudal Age
16:03 Castle Age
14:04 Double-Bit Axe
14:00 Horse Collar
26:58 Forging
26:48 Scale Mail Armor
27:13 Anarchy
27:50 Bow Saw
27:41 Heavy Plow
28:23 Squires
31:26 Iron Casting
31:06 Chain Mail Armor
36:28 Imperial Age
34:34 Wheelbarrow
38:21 Blast Furnace
37:36 Capped Ram
38:38 Hand Cart
38:30 Perfusion
38:51 Conscription
38:38 Elite Huskarl
39:17 Pikeman
41:02 Two-Man Saw
40:50 Crop Rotation
40:14 Halberdier
46:16 Fletching
46:26 Padded Archer Armor
47:07 Man-at-Arms
50:06 Bodkin Arrow
50:26 Leather Archer Armor
52:42 Bracer
53:12 Ring Archer Armor
53:13 Long Swordsman
56:17 Two-Handed Swordsman
57:16 Champion
58:08 Champion
58:52 Town Watch
61:20 Town Patrol
62:30 Ballistics
63:11 Chemistry
67:01 Caravan
75:09 Light Cavalry
75:52 Husbandry
76:03 Bloodlines
75:47 Hussar
76:41 Scale Barding Armor
77:43 Chain Barding Armor
Lord_Maxxus
10:52 Feudal Age
15:54 Castle Age
14:52 Fletching
29:26 Forging
29:27 Scale Barding Armor
30:25 Horse Collar
32:21 Iron Casting
36:09 Wheelbarrow
40:32 Imperial Age
38:09 Double-Bit Axe
38:27 Heavy Plow
40:48 Bodkin Arrow
40:57 Padded Archer Armor
43:19 Bloodlines
43:10 Husbandry
44:25 Blast Furnace
43:26 Bracer
46:45 Hand Cart
49:57 Chain Barding Armor
51:27 Conscription
53:15 Plate Barding Armor
52:41 Bracer
54:17 Gold Mining
54:38 Man-at-Arms
55:03 Gambesons
55:45 Town Watch
55:44 Long Swordsman
56:26 Squires
57:08 Crop Rotation
56:27 Elite Jarl
57:30 Two-Handed Swordsman
59:38 Arson
61:27 Town Patrol
61:46 Leather Archer Armor
61:32 Scale Mail Armor
73:17 Bow Saw
78:31 Ballistics
80:30 Chemistry
79:41 Fortified Wall
Connection lost

Rejoining the realm…

Still unreachable

The connection could not be restored.

Session expired

The server has moved on; the page needs a fresh start.